 Dungeon Crawl Stone Soup version 0.20.1-1-g8b1a95d (webtiles) character file.

458 Lorindel the Insei (level 7, 0/45 HPs)
             Began as an Octopode Transmuter on July 18, 2017.
             Slain by a hornet zombie (7 damage)
             ... on level 5 of the Dungeon.
             The game lasted 00:20:41 (4008 turns).

Lorindel the Insei (Octopode Transmuter)            Turns: 4008, Time: 00:20:43

Health: 0/45       AC:  1    Str:  9    XL:     7   Next: 6%
Magic:  3/11       EV: 14    Int: 18    God:
Gold:   224        SH:  0    Dex: 12    Spells: 2/12 levels left

rFire    + . .     SeeInvis .     - Unarmed
rCold    . . .     Gourm    .   (no shield)
rNeg     . . .     Faith    .   (helmet restricted)
rPois    .         Spirit   .   (no amulet)
rElec    .         Reflect  .   n - ring of protection from fire
rCorr    .         Harm     .   (no ring)
MR       .....                  (no ring)
Stlth    +++.......             (no ring)
Regen    0.2/turn               (no ring)
MPRegen  0.2/turn               (no ring)
                                (no ring)
                                (no ring)

@: appendage, very slightly contaminated
A: almost no armour, stealthy swim, amphibious, 8 rings, constrict 8, tentacle
spike 3, camouflage 1, gelatinous body 1
a: End Transformation


You were on level 5 of the Dungeon.
You were hungry.
One of your tentacles had a temporary spike.
You visited 1 branch of the dungeon, and saw 5 of its levels.

You collected 224 gold pieces.

Inventory:

Hand Weapons
 f - a +2 antimagic morningstar
 l - a +5 dagger of chaos
 m - a +1 spear of venom
Missiles
 a - 28 arrows
Jewellery
 n - a ring of protection from fire (left tentacle)
 o - a cursed ring of loudness {unknown}
Scrolls
 d - 4 scrolls of remove curse
Potions
 e - a potion of haste
 h - a potion of mutation {unknown}
 i - 2 potions of lignification {unknown}
 j - a potion of resistance {unknown}
Books
 b - a book of Changes

   Spells                             Type                      Level
   a - Beastly Appendage              Transmutation                1
   b - Sticks to Snakes               Transmutation                2
   c - Spider Form                    Transmutation/Poison         3
   d - Ice Form                       Ice/Transmutation            4
   e - Blade Hands                    Transmutation                5
Comestibles
 c - 2 bread rations
 g - 2 royal jellies
 k - 5 chunks of flesh


   Skills:
 + Level 2.6 Fighting
 + Level 3.0 Dodging
 + Level 3.6 Stealth
 + Level 4.2 Unarmed Combat
 + Level 3.1 Spellcasting
 + Level 3.3 Transmutations
 + Level 1.0 Ice Magic
 + Level 2.1 Poison Magic


You had 2 spell levels left.
You knew the following spells:

 Your Spells              Type           Power        Failure   Level  Hunger
a - Beastly Appendage     Tmut           ##....       4%          1    None
b - Sticks to Snakes      Tmut           ##......     6%          2    ##.....
c - Spider Form           Tmut/Pois      ##........   16%         3    ###....
d - Ice Form              Ice/Tmut       ##......     54%         4    ####...


Dungeon Overview and Level Annotations

Branches:
Dungeon (5/15)
 Temple: D:4-7

Altars:
Ashenzari
Makhleb
Okawaru
Trog
Xom


Innate Abilities, Weirdness & Mutations

You cannot wear most types of armour.
You are very stealthy in the water. (Stealth+)
You are amphibious.
You can wear up to eight rings at the same time.
You can use your tentacles to constrict eight enemies at once.
Your skin changes colour to match your surroundings (Stealth+).
Your rubbery body absorbs attacks. (AC +1, EV +1)
One of your tentacles bears a large vicious spike.


Message History

Casting: Ice Form
Confirm with . or Enter, or press ? or * to list all spells.
The spell is very dangerous to cast!
Continue anyway?
You miscast Ice Form.
The air around you crackles with energy!
The hornet zombie barely misses you.
You tentacle-slap the hornet zombie. You grab the hornet zombie.
The hornet zombie is lightly damaged.
You constrict the hornet zombie. The hornet zombie closely misses you.
You tentacle-slap the hornet zombie.
You pierce the hornet zombie, but do no damage.
The hornet zombie is lightly damaged.
You constrict the hornet zombie. The hornet zombie barely misses you.
You barely miss the hornet zombie.
The hornet zombie is lightly damaged.
You constrict the hornet zombie, but do no damage.
The hornet zombie hits you!
* * * LOW HITPOINT WARNING * * *
The hornet zombie hits you!
You die...

# ##+# .# ##...#
#.# #.....# ###.#
.......######..##
....)...........#
.......@..........#
......Z.####...##.#
.......## ##.## .#
#...... .... #
##...#. #.###
##+##. #.# #. ..#
..


You could see a hornet zombie.

Vanquished Creatures
  An ogre (D:4)
  2 scorpions
  A crimson imp (D:4)
  A bullfrog skeleton (D:4)
  2 worker ants (D:5)
  3 adders
  A gnoll (D:4)
  A shadow imp (D:5)
  An ooze (D:4)
  A worm (D:2)
  4 dart slugs
  3 leopard geckos
  5 orcs
  6 giant cockroaches
  6 hobgoblins
  10 jackals
  10 kobolds
  8 bats
  8 frilled lizards
  7 goblins
  9 rats
90 creatures vanquished.

Vanquished Creatures (collateral kills)
  2 adders (D:3)
  A worm (D:3)
  2 giant cockroaches (D:3)
  2 hobgoblins (D:3)
  A bat (D:3)
8 creatures vanquished.

Grand Total: 98 creatures vanquished

Notes
Turn   | Place    | Note
-------+----------+-------------------------------------------
     0 | D:1      | Lorindel the Octopode Transmuter began the quest for the Orb.
     0 | D:1      | Reached XP level 1. HP: 13/13 MP: 3/3
   102 | D:1      | Reached XP level 2. HP: 18/18 MP: 5/5
   115 | D:1      | Reached skill level 1 in Stealth
   152 | D:1      | Learned a level 2 spell: Sticks to Snakes
   436 | D:1      | Reached XP level 3. HP: 20/23 MP: 4/6
  1058 | D:2      | Found a shimmering altar of Xom.
  1261 | D:2      | Reached XP level 4. HP: 24/28 MP: 5/7
  1272 | D:2      | Learned a level 3 spell: Spider Form
  1604 | D:3      | Found a shattered altar of Ashenzari.
  2097 | D:3      | Found an iron altar of Okawaru.
  2566 | D:3      | Reached XP level 5. HP: 13/34 MP: 8/8
  3040 | D:4      | Found an iron altar of Okawaru.
  3042 | D:4      | Found a bloodstained altar of Trog.
  3107 | D:4      | Reached skill level 1 in Poison Magic
  3340 | D:4      | Reached XP level 6. HP: 32/39 MP: 10/10
  3346 | D:4      | Learned a level 4 spell: Ice Form
  3546 | D:4      | Reached skill level 4 in Unarmed Combat
  3612 | D:4      | Found a burning altar of Makhleb.
  3613 | D:4      | Found a shimmering altar of Xom.
  3667 | D:5      | Entered Level 5 of the Dungeon
  3680 | D:5      | Reached skill level 1 in Ice Magic
  3934 | D:5      | Reached XP level 7. HP: 45/45 MP: 8/11
  4008 | D:5      | Slain by a hornet zombie

Skill      XL: |  1  2  3  4  5  6 |
---------------+-------------------+-----
Stealth        | 1 2 3 |  3.6
Transmutations | 3 |  3.3
Poison Magic   | 1 2 |  2.1
Fighting       | 2 |  2.6
Unarmed Combat | 4 |  4.2
Spellcasting   | 3 |  3.1
Dodging        | 3 |  3.0
Ice Magic      | 1 |  1.0

Action                   |  1- 3 |  4- 6 |  7- 9 || total
-------------------------+-------+-------+-------++-------
Melee: Unarmed           |    82 |   125 |    12 ||   219
       Constrict         |    25 |    23 |     2 ||    50
       Tentacles         |    13 |    14 |       ||    27
       Kick              |     9 |    19 |     4 ||    32
       Punch             |     2 |     1 |     1 ||     4
 Cast: Beastly Appendage |    15 |    17 |     2 ||    34
       Sticks to Snakes  |       |     9 |       ||     9
       Spider Form       |       |     6 |       ||     6
  Use: Scroll            |     5 |     3 |       ||     8
       Potion            |     2 |     2 |       ||     4
 Stab: Sleeping          |     6 |     6 |       ||    12
  Eat: Chunk             |     1 |    10 |       ||    11
Armor: Skin              |    18 |     8 |     1 ||    27
Dodge: Dodged            |    62 |    97 |     9 ||   168
